 Dungeon Crawl Stone Soup version 0.27.1-4-g1640c2035a (webtiles) character file.

Game seed: 16656169636404750794

3364 boopmooplesden the Cleaver (level 9, -2/78 HPs)
             Began as a Minotaur Fighter on Nov 4, 2021.
             Was a Follower of Okawaru.
             Killed by divine providence
             ... invoked by an orc priest
              (12 damage)
             ... on level 8 of the Dungeon.
             The game lasted 00:11:55 (9820 turns).

boopmooplesden the Cleaver (Minotaur Fighter)       Turns: 9820, Time: 00:11:56

Health: -2/78      AC: 20    Str: 24    XL:     9   Next: 73%
Magic:  6/8        EV:  8    Int:  5    God:    Okawaru [*.....]
Gold:   496        SH: 20    Dex: 16    Spells: 8/8 levels left

rFire    + . .     SeeInvis .   a - +0 war axe
rCold    . . .     Faith    .   p - +0 tower shield
rNeg     . . .     Spirit   .   u - +0 plate armour
rPois    +         Reflect  .   (helmet restricted)
rElec    +         Harm     .   o - +0 cloak
rCorr    .         Rampage  .   L - +1 pair of gloves
Will     .....                  (no boots)
Stlth    ..........             (no amulet)
HPRegen  0.23/turn              h - ring of protection from fire
MPRegen  0.11/turn              f - ring of Bouxt {rElec rPois Dex+6 Slay+5}

@: heroic, studying Axes
A: horns 2, retaliatory headbutt
a: Renounce Religion, Heroism


You were on level 8 of the Dungeon.
You worshipped Okawaru.
Okawaru was aware of your devotion.
You visited 2 branches of the dungeon, and saw 9 of its levels.
You also visited: Ossuary.

You collected 496 gold pieces.

Inventory:

Hand Weapons
 a - a +0 war axe (weapon)
Missiles
 v - 3 javelins (quivered)
 z - a throwing net
Armour
 o - a +0 cloak (worn)
 p - a +0 tower shield (worn)
 u - a +0 plate armour (worn)
 G - a +0 pair of gloves
 L - a +1 pair of gloves (worn)
Jewellery
 f - the ring of Bouxt (right hand) {rElec rPois Dex+6 Slay+5}
   (You acquired it on level 6 of the Dungeon)

   [ring of dexterity]

   Dex:       It affects your dexterity (+6).
   Slay:      It affects your accuracy & damage with ranged weapons and melee
   (+5).
   rElec:     It insulates you from electricity.
   rPois:     It protects you from poison.
 h - a ring of protection from fire (left hand)
 t - a ring of magical power
 x - a ring of ice
 y - a ring of flight
 B - an amulet of guardian spirit
 F - a +6 ring of strength
 T - a ring of fire
Wands
 b - a wand of acid (8)
 r - a wand of digging (4)
 A - a wand of flame (19)
 C - a wand of charming (4)
 J - a wand of paralysis (11)
 U - a wand of mindburst (16)
Scrolls
 g - 3 scrolls of magic mapping
 k - 2 scrolls of noise
 m - 2 scrolls of holy word {unknown}
 w - 3 scrolls of teleportation {unknown}
 D - 6 scrolls of amnesia {unknown}
 E - a scroll of fog {unknown}
 I - 2 scrolls of identify
 K - a scroll of vulnerability {unknown}
 M - a scroll of fear
 N - a scroll of acquirement
 O - 2 scrolls of enchant weapon {unknown}
 V - 3 scrolls of summoning {unknown}
Potions
 c - a potion of haste {unknown}
 d - a potion of might
 e - 4 potions of resistance
 i - 3 potions of lignification
 j - a potion of mutation {unknown}
 l - 2 potions of berserk rage
 n - 2 potions of magic {unknown}
 q - 2 potions of cancellation {unknown}
 s - 3 potions of flight {unknown}
 H - 2 potions of curing {unknown}
 P - a potion of attraction {unknown}
 Q - a potion of heal wounds {unknown}
 R - a potion of ambrosia {unknown}
 S - a potion of invisibility {unknown}


   Skills:
 + Level 6.5(11.5) Fighting
 + Level 12.7(17.7) Axes
 + Level 9.2(14.2) Armour
 + Level 1.7(6.7) Dodging
 + Level 0.7(5.7) Stealth
 + Level 8.5(13.5) Shields


You had 8 spell levels left.
You didn't know any spells.
Your spell library contained the following spells:

 Spells                   Type           Power      Damage    Failure   Level
 Animate Skeleton         Necr           0%         N/A       100%        1
 Corona                   Hex            0%         N/A       100%        1
 Portal Projectile        Hex/Tloc       0%         N/A       100%        3
 Blade Hands              Tmut           0%         N/A       100%        5
 Excruciating Wounds      Necr           0%         N/A       100%        5
 Summon Mana Viper        Hex/Summ       0%         N/A       100%        5
 Simulacrum               Ice/Necr       0%         N/A       100%        6


Dungeon Overview and Level Annotations

Branches:
Dungeon (8/15)             Temple (1/1) D:6         Ossuary (visited)
   Lair: D:8-11

Altars:
Ashenzari
Cheibriados
Dithmenos
Elyvilon
Fedhas
Gozag
Hepliaklqana
Nemelex Xobeh
Okawaru
Sif Muna
Trog
Uskayaw
Vehumet
Wu Jian
Xom
Yredelemnul
Zin
The Shining One

Shops:
D:6 (


Innate Abilities, Weirdness & Mutations

You have a pair of horns on your head.
You reflexively headbutt those who attack you in melee.


Message History

You barely miss the orc warrior.
The orc warrior is heavily wounded.
You block the orc warrior's attack.
The orc warrior hits you with a +0 battleaxe!
An orc comes into view. It is wielding a +0 club.
You closely miss the orc warrior.
The orc warrior is heavily wounded.
The orc shouts!
The orc priest calls down the wrath of Beogh upon you.
Beogh smites you! You block the orc warrior's attack.
You hit the orc warrior but do no damage.
You headbutt the orc warrior.
The orc warrior is severely wounded.
The orc priest calls down the wrath of Beogh upon you.
Beogh smites you! You block the orc warrior's attack.
You barely miss the orc warrior.
The orc warrior is severely wounded.
You block the orc warrior's attack.
The orc priest calls down the wrath of Beogh upon you.
Beogh smites you!
* * * LOW HITPOINT WARNING * * *
You hear a shout!
You gain the combat prowess of a mighty hero.
The orc warrior hits you with a +0 battleaxe.
* * * LOW HITPOINT WARNING * * *
You hit the orc warrior. Your headbutt misses the orc warrior.
The orc warrior is severely wounded.
You block the orc warrior's attack.
Your plate armour prevents you from hitting the orc warrior.
The orc warrior is severely wounded.
You block the orc warrior's attack.
You hit the orc warrior.
The orc warrior is almost dead.
You block the orc warrior's attack.
You hit the orc warrior.
You kill the orc warrior!
Okawaru accepts your kill.
The orc priest invokes the aid of Beogh against you.
Beogh smites you!
You die...

##.#..#.# ##.#..#.# ..
......#.# o# ##.#.##.# .#
#.#.##.####### .#
#.#..........# .#
#.####.####### .######
##.####.###########.oooo.o
................@oooo#
........###########o##
##.###### .# #.# .# ##.#
.# ...# .# #### .# ##


You could see 2 orc warriors, an orc priest and 6 orcs.

Vanquished Creatures
  Prince Ribbit (D:6)
  A steam dragon (D:4)
  A water moccasin (D:7)
  7 orc warriors
  A sky beast (D:6)
  A black bear (D:6)
  A necrophage (D:6)
  3 ogres
  A centaur (D:7)
  2 phantoms (D:4)
  A kobold brigand (D:7)
  2 bullfrogs
  2 scorpions (D:6)
  A water moccasin skeleton (D:4)
  A wyvern skeleton (D:7)
  3 wights (D:6)
  A centaur zombie (D:7)
  4 hounds
  A jelly (D:4)
  5 orc priests
  A centaur skeleton (D:7)
  2 gnoll shamans
  A bullfrog skeleton (D:7)
  An iguana (D:5)
  5 orc wizards
  14 mummies (Ossuary)
  9 adders
  9 gnolls
  A white imp (D:5)
  An adder skeleton (D:5)
  3 worms
  A dart slug (D:2)
  21 orcs
  11 ball pythons
  7 bats
  11 endoplasms
  2 giant cockroaches
  6 hobgoblins
  4 jackals (D:1)
  4 quokkas
  8 frilled lizards
  9 goblins
  3 goblin skeletons (Ossuary)
  6 kobolds
  A kobold skeleton (Ossuary)
  4 orc skeletons (Ossuary)
  5 rats (D:1)
  11 rat skeletons (Ossuary)
201 creatures vanquished.

Vanquished Creatures (others)
  A plant (D:4)
1 creature vanquished.

Grand Total: 202 creatures vanquished

Notes
Turn   | Place    | Note
-------+----------+-------------------------------------------
     0 | D:1      | boopmooplesden the Minotaur Fighter began the quest for the
                  | Orb.
     0 | D:1      | Reached XP level 1. HP: 19/19 MP: 0/0
   219 | D:1      | Reached XP level 2. HP: 27/27 MP: 1/1
  1038 | D:1      | Reached XP level 3. HP: 33/33 MP: 2/2
  1160 | D:1      | Reached skill level 3 in Axes
  1800 | D:2      | Got the Tome of Unholy Rites and Beguiling
  1983 | D:2      | Reached XP level 4. HP: 40/40 MP: 3/3
  2439 | D:3      | Reached skill level 1 in Dodging
  2562 | D:3      | Reached skill level 4 in Axes
  2678 | D:3      | Found a faded altar of an unknown god.
  3011 | D:4      | Noticed a phantom
  3015 | D:4      | Reached XP level 5. HP: 47/47 MP: 4/4
  3030 | D:4      | Killed a phantom
  3031 | D:4      | Reached skill level 5 in Axes
  3331 | D:4      | Reached skill level 5 in Armour
  3331 | D:4      | Reached XP level 6. HP: 50/53 MP: 5/5
  4062 | D:4      | Noticed a steam dragon
  4086 | D:4      | Killed a steam dragon
  4087 | D:4      | Reached skill level 6 in Axes
  4087 | D:4      | Reached skill level 5 in Shields
  4087 | D:4      | Reached XP level 7. HP: 12/60 MP: 6/6
  4389 | D:4      | Found a sparkling altar of Nemelex Xobeh.
  4589 | D:5      | Entered Level 5 of the Dungeon
  4622 | D:5      | Reached skill level 5 in Fighting
  5021 | D:5      | Reached skill level 7 in Axes
  5355 | D:5      | Identified 2 scrolls of acquirement
  5355 | D:5      | Acquired a manual of Axes
  6030 | D:6      | Reached XP level 8. HP: 15/68 MP: 7/7
  6373 | D:6      | Reached skill level 8 in Axes
  6856 | D:6      | Acquired the ring of Bouxt {rElec rPois Dex+6 Slay+5}
  6954 | D:6      | Reached skill level 9 in Axes
  6973 | D:6      | Noticed Prince Ribbit
  6979 | D:6      | Killed Prince Ribbit
  6986 | D:6      | Reached skill level 10 in Axes
  7163 | D:6      | Reached XP level 9. HP: 54/75 MP: 8/8
  7636 | D:6      | Reached skill level 11 in Axes
  7696 | D:6      | Found Ofaahyni's Antique Weapon Shop.
  7826 | D:6      | Found a staircase to the Ecumenical Temple.
  7832 | Temple   | Entered the Ecumenical Temple
  7852 | Temple   | Became a worshipper of Warmaster Okawaru
  8666 | D:7      | Found a white marble altar of Elyvilon.
  8669 | D:7      | Found a hazy altar of Hepliaklqana.
  8670 | D:7      | Found a blossoming altar of Fedhas.
  8670 | D:7      | Found a snail-covered altar of Cheibriados.
  8671 | D:7      | Found a bloodstained altar of Trog.
  8835 | D:8      | Found a basalt altar of Yredelemnul.
  8971 | D:8      | Found a sand-covered staircase.
  8992 | Ossuary  | Entered an ossuary
  9241 | Ossuary  | Reached skill level 12 in Axes
  9808 | D:8      | Reached * piety under Okawaru
  9820 | D:8      | Killed from afar by an orc priest

Illustrated notes

Levels and vault maps discovered:
D:1:      minmay_arrival_shattered_statue, layout_basic, nrook_campfire,
          minmay_tromino_v4_b
D:2:      layout_loops_corners
D:3:      layout_basic, shapermc_ecumenical_altar_notcrosses,
          minmay_misc_feat_cross
D:4:      minmay_evil_eye, layout_cave_pools,
          mainiacjoe_overflow_small_starburst, saegor_snake_ambush
D:5:      layout_basic, hangedman_decor_slide_cut
D:6:      layout_basic, minmay_temple_entry_fiery, serial_shops,
          nicolae_take_the_stairs, roderic_lattice_a, uniq_prince_ribbit1,
          uniq_crazy_yiuf_cottage
D:7:      layout_rooms, minitemple
D:8:      layout_basic, mainiacjoe_overflow_concentric_impassable,
          nicolae_ossuary_entry_false_entrances, special_room
          [special_room_orc], kennysheep_donut
Temple:   minmay_temple_bridge_abc

Skill      XL: |  1  2  3  4  5  6  7  8  9 |
---------------+----------------------------+-----
Armour         | 4 5 6 8 9 |  9.2
Fighting       | 4 5 6 |  6.5
Axes           | 3 4 5 6 7 10 12 | 12.7
Shields        | 4 5 6 7 8 |  8.5
Dodging        | 1 |  1.7
Stealth        | |  0.7

Action                   |  1- 3 |  4- 6 |  7- 9 || total
-------------------------+-------+-------+-------++-------
Melee: War axe           |    92 |    98 |   283 ||   473
       Headbutt          |     9 |    16 |    60 ||    85
Invok: Heroism           |       |       |     1 ||     1
  Use: Scroll            |       |     5 |     3 ||     8
Armor: Scale mail        |    49 |    30 |       ||    79
       Plate armour      |       |    21 |   105 ||   126
       Chain mail        |       |     9 |       ||     9
Dodge: Dodged            |    20 |    25 |    25 ||    70
Block: Kite shield       |    64 |    41 |       ||   105
       Tower shield      |       |    38 |   238 ||   276
